AoeStats
← ravlyik

Nomad

511000924Analyzed
2v2 RM · 10h ago on Oct 3, 2026· 80m 42s· 4 players
Game mode
Random Map
Map size
176×176
Population
200
Speed
Normal
Resources
Standard
Victory
Conquest
Starting age
Dark Age
Ending age
Imperial Age
RankedLock teamsTeams togetherTeam positionsShared explorationLock speedFull tech treeHidden civsTurbo modeCheats
Victory
Defeat
🇨🇦 Slavs · Canada
460
+37
🇺🇦 Saxons · Ukraine
460
+37
🇮🇹 Japanese · Italy
574
-22
🇦🇷 Tatars · Argentina
558
-20
LUchifer
4:38 Loom
16:22 Feudal Age
17:49 Wheelbarrow
17:01 Town Watch
U_Picciò
19:08 Feudal Age
20:25 Wheelbarrow
19:38 Double-Bit Axe
19:52 Fishing Lines
20:07 Gold Mining
21:12 Stone Mining
21:54 Horse Collar
24:57 Scale Mail Armor
25:08 Forging
27:57 Castle Age
28:13 Pikeman
28:55 Squires
29:15 Chain Mail Armor
29:36 Iron Casting
29:02 Gillnets
30:53 Bow Saw
30:48 Heavy Plow
31:58 Hand Cart
31:28 Town Watch
31:48 Padded Archer Armor
31:41 Fletching
32:32 Gold Shaft Mining
31:38 Elite Skirmisher
33:47 Leather Archer Armor
33:27 Bodkin Arrow
34:37 Town Patrol
36:21 Arson
37:08 Murder Holes
37:24 Fortified Wall
37:06 Guard Tower
37:37 Ballistics
41:26 Imperial Age
40:56 Yasama
43:44 Conscription
43:59 Plate Mail Armor
44:30 Blast Furnace
44:56 Chemistry
44:31 Ring Archer Armor
44:01 Bracer
44:57 Halberdier
49:50 Onager
49:53 Heavy Scorpion
52:46 Elite Samurai
76:07 Scale Barding Armor
ravlyik
17:03 Feudal Age
17:37 Double-Bit Axe
17:39 Horse Collar
26:20 Castle Age
23:52 Man-at-Arms
27:58 Husbandry
28:10 Bloodlines
28:10 Thumb Ring
28:21 Forging
30:50 Light Cavalry
33:32 Squires
33:18 Gambesons
32:57 Pikeman
33:02 Long Swordsman
35:00 Iron Casting
34:27 Scale Mail Armor
35:34 Elite Skirmisher
35:37 Crossbowman
38:44 Heavy Plow
39:02 Bow Saw
42:30 Imperial Age
40:40 Wheelbarrow
41:47 Chain Mail Armor
41:34 Padded Archer Armor
41:26 Fletching
43:55 Shield Wall
45:13 Hoardings
46:14 Murder Holes
47:55 Bodkin Arrow
49:03 Conscription
49:04 Masonry
48:36 Treadmill Crane
50:18 Two-Handed Swordsman
51:18 Champion
51:42 Cranequins
52:10 Sappers
55:17 Plate Mail Armor
56:54 Two-Man Saw
59:21 Arson
69:37 Ballistics
69:04 Arrowslits
70:20 Chemistry
69:52 Architecture
71:07 Hussar
73:03 Elite Hearth Troop
73:59 Bracer
74:15 Leather Archer Armor
74:07 Scale Barding Armor
76:22 Siege Engineers
78:03 Chain Barding Armor
maneki_meko
16:25 Feudal Age
23:25 Castle Age
21:52 Double-Bit Axe
22:15 Horse Collar
22:30 Man-at-Arms
25:20 Forging
24:49 Long Swordsman
25:30 Squires
27:17 Heavy Plow
27:30 Bow Saw
28:13 Light Cavalry
29:04 Bloodlines
36:10 Imperial Age
36:18 Capped Ram
36:25 Two-Handed Swordsman
39:48 Wheelbarrow
41:51 Iron Casting
41:17 Scale Mail Armor
43:22 Detinets
47:24 Champion
49:58 Druzhina
50:21 Conscription
57:06 Chain Mail Armor
57:52 Blast Furnace
59:01 Plate Mail Armor
59:10 Hand Cart
64:36 Two-Man Saw
63:58 Elite Boyar
65:56 Scale Barding Armor
67:25 Crop Rotation
66:53 Gold Mining
66:54 Stone Mining
68:57 Siege Ram
Connection lost

Rejoining the realm…

Still unreachable

The connection could not be restored.

Session expired

The server has moved on; the page needs a fresh start.